AoeStats
← hasanceylan256

Arena

509348758Analyzed
4v4 RM · 5d ago on Sep 26, 2026· 47m 31s· 8 players
Game mode
Random Map
Map size
Large (8 player)
Population
200
Speed
Normal
Resources
Standard
Victory
Conquest
Starting age
Dark Age
Ending age
Imperial Age
RankedLock teamsTeams togetherTeam positionsShared explorationLock speedFull tech treeHidden civsTurbo modeCheats
Victory
Defeat
🇬🇹 Khmer · Guatemala
911
+14
🇧🇪 Turks · Belgium
893
+15
🇹🇷 Spanish · Türkiye
892
+27
🇩🇪 Magyars · Germany
887
+15
🇫🇷 Saxons · France
957
-18
905
-16
🇨🇳 Franks · China
825
-13
801
-12
Franky
5:41 Loom
12:23 Feudal Age
14:53 Wheelbarrow
14:11 Horse Collar
14:20 Double-Bit Axe
18:35 Castle Age
24:16 Imperial Age
24:08 Padded Archer Armor
25:12 Leather Archer Armor
33:15 Ring Archer Armor
42:35 Guilds
Muerto de Hambre
9:57 Feudal Age
11:05 Horse Collar
15:26 Castle Age
13:30 Double-Bit Axe
14:16 Gold Mining
14:18 Stone Mining
14:17 Loom
19:42 Fervor
20:23 Bow Saw
20:17 Heavy Plow
21:48 Wheelbarrow
25:05 Hand Cart
29:20 Imperial Age
30:20 Stone Shaft Mining
31:03 Gold Shaft Mining
31:11 Heavy Scorpion
32:55 Town Watch
34:38 Double Crossbow
34:58 Conscription
35:21 Ballistics
35:06 Siege Engineers
36:01 Chemistry
34:58 Murder Holes
35:13 Fortified Wall
36:01 Bloodlines
35:51 Husbandry
35:12 Light Cavalry
37:51 Forging
37:48 Scale Barding Armor
40:35 Hussar
41:51 Iron Casting
41:37 Chain Barding Armor
44:35 Blast Furnace
44:11 Plate Barding Armor
42:58 Cavalier
43:00 Elite Battle Elephant
43:04 Elite Ballista Elephant
44:20 Hoardings
43:15 Sappers
43:46 Tusk Swords
43:50 Town Patrol
44:13 Sanctity
44:03 Redemption
43:53 Devotion
44:29 Theocracy
43:49 Herbal Medicine
44:19 Illumination
43:54 Fletching
44:04 Padded Archer Armor
44:05 Scale Mail Armor
44:21 Masonry
44:22 Careening
44:23 Clinker Construction
44:19 Siphons
44:05 Guard Tower
44:06 Heated Shot
47:31 Caravan
48:02 Coinage
47:17 Crossbowman
47:18 Heavy Cavalry Archer
48:24 Parthian Tactics
47:19 Elite Skirmisher
CRi
2:18 Loom
10:11 Feudal Age
14:51 Castle Age
13:49 Double-Bit Axe
23:29 Bow Saw
26:12 Horse Collar
27:02 Scale Barding Armor
28:48 Town Watch
31:36 Stone Mining
31:36 Gold Mining
36:02 Imperial Age
35:32 Wheelbarrow
35:05 Heavy Plow
36:02 Corvinian Army
38:36 Crop Rotation
45:12 Chain Barding Armor
45:59 Elite Magyar Huszar
hasanceylan256
12:26 Feudal Age
12:12 Loom
15:51 Castle Age
14:11 Stone Mining
14:06 Horse Collar
23:38 Heavy Plow
24:17 Double-Bit Axe
26:36 Wheelbarrow
33:19 Bow Saw
36:36 Gold Mining
37:21 Town Watch
42:30 Imperial Age
43:52 Bloodlines
43:43 Husbandry
43:45 Padded Archer Armor
43:35 Fletching
44:30 Conscription
45:50 Chemistry
45:04 Elite Conquistador
quentin-tardy
10:58 Feudal Age
13:15 Wheelbarrow
16:04 Castle Age
13:49 Horse Collar
15:12 Double-Bit Axe
15:22 Gold Mining
16:37 Fletching
16:41 Stone Mining
18:15 Fletching
18:26 Padded Archer Armor
21:33 Bodkin Arrow
24:07 Loom
26:05 Thumb Ring
29:14 Ballistics
29:08 Elite Skirmisher
44:39 Squires
44:31 Gambesons
45:21 Scale Mail Armor
45:31 Forging
砍德沃.基尔邦硬.香达菲基
11:35 Feudal Age
12:14 Double-Bit Axe
12:19 Horse Collar
16:29 Loom
19:04 Castle Age
20:12 Bow Saw
20:15 Heavy Plow
21:53 Wheelbarrow
23:35 Squires
25:46 Forging
25:36 Scale Mail Armor
29:54 Imperial Age
28:24 Ballistics
27:46 Treadmill Crane
31:27 Stone Mining
33:36 Conscription
38:10 Chain Mail Armor
38:31 Iron Casting
38:07 Elite Jaguar Warrior
哈哈哈我不是数字名字
7:04 Loom
12:44 Feudal Age
13:39 Double-Bit Axe
13:36 Horse Collar
14:37 Wheelbarrow
16:46 Gold Mining
16:46 Stone Mining
20:13 Town Watch
24:30 Castle Age
25:44 Hand Cart
27:23 Bow Saw
27:53 Gold Shaft Mining
27:24 Heavy Plow
28:05 Stone Shaft Mining
37:01 Ballistics
观月
0:50 Loom
12:30 Feudal Age
13:31 Double-Bit Axe
14:28 Wheelbarrow
20:01 Castle Age
18:25 Gold Mining
20:59 Hand Cart
21:37 Scale Barding Armor
22:02 Bow Saw
26:26 Fletching
28:28 Gold Shaft Mining
33:21 Imperial Age
32:31 Chain Barding Armor
33:52 Husbandry
34:08 Forging
33:23 Cavalier
Connection lost

Rejoining the realm…

Still unreachable

The connection could not be restored.

Session expired

The server has moved on; the page needs a fresh start.